cohdb
Replays
Latest Replays
All Replays
Popular Replays
Top Player Replays
Match Explorer
How It Works
Community
CoH3 Stats
Reddit
Sign in to upload your games and track your stats! →
Sign in with Steam
Match 43728364
Unlisted
Match 43728364
Overview
Messages
Build Orders
End
Kradschützen Motorcycle Team
Selects Battlefield Espionage Battlegroup
Panzergrenadier Squad
Panzergrenadier Squad
Construct Light Support Kompanie
Selects Intel Disruption Beacon
Panzergrenadier Squad
Panzerjäger Squad
Fire Support Elements
2.5-tonne Medical Truck
Flakvierling Half-track
Selects Transfer Depots
MZMZ
Naoji
Scathack skadi*
jerjawe
Easy
Flun
Volare
Dante
0
0
Comments
sign in to comment!
No comments posted yet!